Map: Ascension to Aiur LE

Players

Maplez - Winner!

  • Race: Protoss Protoss
  • League: Master
  • Spawn Location: 11:00

Xavier

  • Race: Terran Terran
  • League: Master
  • Spawn Location: 5:00

VOD

Have the link to the VOD?

Description

Time

  • Played on: Aug. 5, 2017, 7:37 p.m.
  • Length: 21:16
Show
View Real Time Build Order
Export as new Build Order

Maplez Protoss - Winner!

Build Orders: 1 Gate Expand, Oracle Opening 

Get SALT Encoding   

  12  0:01  Probe (Chrono Boost)  
  13  0:11  Probe (Chrono Boost)  
  14  0:17  Pylon  
  14  0:22  Probe (Chrono Boost)  
  15  0:35  Probe (Chrono Boost)  
  16  0:37  Gateway  
  16  0:43  Assimilator  
  16  0:46  Probe (Chrono Boost)  
  17  0:56  Probe (Chrono Boost)  
  18  1:07  Probe (Chrono Boost)  
  19  1:17  Probe (Chrono Boost)  
  20  1:24  Nexus  
  20  1:28  Probe (Chrono Boost)  
  21  1:36  Cybernetics Core  
  21  1:39  Probe (Chrono Boost)  
  22  1:44  Assimilator  
  22  1:52  Pylon  
  22  1:54  Probe (Chrono Boost)  
  23  2:10  Probe (Chrono Boost)  
  23  2:13  Adept (Chrono Boost)  
  26  2:18  Stargate  
  26  2:21  Probe  
  27  2:28  Warp Gate  
  27  2:34  Probe (Chrono Boost)  
  27  2:36  Probe (Chrono Boost)  
  27  2:37  Adept  
  30  2:47  Probe (Chrono Boost)  
  30  2:48  Probe (Chrono Boost)  
  32  2:57  Probe (Chrono Boost)  
  32  2:58  Probe (Chrono Boost)  
  33  3:01  Oracle (Chrono Boost)  
  37  3:08  Probe  
  37  3:09  Probe  
  39  3:21  Probe (Chrono Boost)  
  39  3:22  Mothership Core (Chrono Boost)  
  42  3:28  Pylon  
  42  3:33  Probe (Chrono Boost)  
  43  3:40  Probe (Chrono Boost)  
  46  3:41  Oracle  
  46  3:45  Probe (Chrono Boost)  
  48  3:51  Probe (Chrono Boost), Gateway x2  
  49  3:57  Probe (Chrono Boost), Pylon  
  49  4:02  Probe (Chrono Boost)  
  51  4:09  Probe (Chrono Boost), Pylon  
  52  4:12  Probe (Chrono Boost)  
  52  4:13  Nexus  
  53  4:19  Pylon  
  53  4:31  Assimilator  
  53  4:33  Assimilator  
  53  4:40  Twilight Council  
  53  4:41  Forge  
  53  4:42  Stalker  
  55  4:49  Probe (Chrono Boost)  
  55  4:51  Probe (Chrono Boost)  
  57  4:59  Stalker  
  60  5:00  Probe (Chrono Boost), Stalker  
  60  5:03  Probe (Chrono Boost)  
  60  5:04  Protoss Ground Weapons Level 1  
  60  5:06  Pylon  
  63  5:07  Pylon  
  63  5:10  Probe (Chrono Boost)  
  65  5:14  Probe (Chrono Boost)  
  65  5:19  Blink (Chrono Boost)  
  65  5:21  Probe  
  66  5:25  Probe, Pylon  
  67  5:29  Probe, Pylon  
  67  5:33  Probe  
  69  5:36  Stalker  
  69  5:37  Probe, Stalker  
  69  5:40  Probe  
  69  5:41  Sentry  
  77  5:45  Probe  
  77  5:49  Probe  
  79  5:50  Probe  
  80  5:57  Probe  
  80  5:58  Gateway  
  80  5:59  Gateway  
  80  6:00  Gateway  
  80  6:03  Gateway  
  81  6:10  Stalker x2  
  85  6:13  Stalker  
  85  6:15  Probe  
  85  6:16  Probe x2  
  90  6:25  Probe  
  90  6:28  Probe x2  
  93  6:33  Pylon  
  93  6:34  Robotics Facility  
  93  6:36  Probe  
  94  6:40  Stalker x3  
  94  6:46  Protoss Ground Armor Level 1  
  100  6:51  Pylon  
  100  6:57  Stalker x3  
  106  7:04  Assimilator  
  106  7:05  Probe, Assimilator, Resonating Glaives (Chrono Boost)  
  107  7:09  Pylon  
  107  7:14  Stalker x3  
  113  7:18  Photon Cannon  
  113  7:26  Observer (Chrono Boost)  
  97  7:33  Probe  
  97  7:34  Probe  
  97  7:35  Probe  
  97  7:36  Stalker x3  
  94  7:45  Probe  
  94  7:46  Probe x2  
  97  7:54  Warp Prism (Chrono Boost)  
  97  7:56  Stalker x2  
  97  7:57  Stalker  
  97  7:58  Probe  
  104  7:59  Probe  
  103  8:10  Zealot x3  
  93  8:25  Probe, Stalker x3  
  93  8:26  Probe x2  
  98  8:36  Probe, Templar Archives  
  98  8:38  Probe  
  98  8:39  Probe, Gateway  
  98  8:40  Gateway  
  95  8:42  Pylon  
  95  8:46  Probe  
  94  8:51  Probe x2  
  96  8:57  Probe  
  96  8:59  Stalker x3  
  103  9:03  Probe x2  
  103  9:07  Probe  
  106  9:14  Stalker x2  
  106  9:15  Probe x2  
  112  9:18  Probe  
  113  9:26  Protoss Ground Weapons Level 2  
  113  9:27  Probe x2  
  113  9:29  Probe  
  116  9:31  Adept x2  
  116  9:32  Adept  
  116  9:35  Nexus  
  116  9:38  Pylon  
  122  9:39  Stalker  
  122  9:40  Stalker  
  126  9:51  Charge  
  126  10:02  Adept x6  
  138  10:14  Pylon  
  138  10:32  Adept x6  
  146  10:37  Assimilator  
  146  10:41  Assimilator  
  146  10:44  Psionic Storm  
  146  10:52  Templar Archives  
  146  10:56  Pylon  
  146  10:58  Stalker x6  
  146  10:59  Stalker  
  160  11:07  Photon Cannon  
  160  11:09  Pylon  
  160  11:13  Pylon  
  160  11:24  Protoss Ground Armor Level 2  
  160  11:29  Adept  
  160  11:30  Adept x3  
  160  11:31  Adept  
  160  11:32  Adept  
  156  11:33  Warp Prism  
  154  11:45  High Templar  
  154  11:53  High Templar  
  156  11:55  Pylon  
  156  11:58  Pylon  
  156  11:59  Pylon  
  156  12:01  Pylon  
  156  12:07  High Templar x3  
  156  12:15  Nexus  
  156  12:23  Pylon  
  156  12:25  Zealot x3  
  162  12:33  Gateway  
  162  12:35  Gateway  
  162  12:37  Gateway  
  162  12:39  Gateway  
  162  12:43  Forge  
  162  12:51  Adept x7  
  170  13:07  Photon Cannon  
  170  13:08  Photon Cannon  
  170  13:10  Photon Cannon  
  166  13:13  Photon Cannon  
  150  13:28  Stalker x5  
  150  13:29  Stalker x2  
  158  13:44  Nexus  
  158  13:46  Pylon  
  155  13:52  Adept x2  
  155  13:53  Adept x3  
  129  14:03  Archon  
  129  14:04  Archon  
  129  14:06  Zealot  
  129  14:07  Zealot  
  117  14:18  Zealot  
  117  14:19  Zealot x3  
  125  14:30  Zealot x3  
  125  14:40  Zealot x3  
  125  14:41  Zealot  
  125  14:43  Immortal  
  129  14:48  Assimilator  
  129  14:50  Protoss Ground Armor Level 3  
  123  15:07  Adept x7  
  123  15:10  Protoss Ground Weapons Level 3  
  135  15:21  Gateway  
  135  15:22  Gateway  
  135  15:40  Immortal  
  127  15:43  High Templar x7  
  139  15:54  Assimilator  
  139  15:56  Assimilator  
  139  16:00  Robotics Facility  
  139  16:02  Robotics Bay  
  139  16:14  Immortal  
  139  16:24  Zealot  
  139  16:25  Zealot x7  
  155  16:30  Pylon  
  157  16:34  Pylon  
  157  16:41  Adept  
  157  16:46  Colossus  
  159  16:47  Adept x2  
  159  16:48  Adept x2  
  159  16:51  Colossus  
  179  17:12  Stalker x4  
  179  17:13  Stalker x3  
  183  17:17  Adept x2  
  183  17:22  Stalker  
  184  17:28  Stalker  
  186  17:36  Stalker  
  186  17:46  Stalker x2  
  186  17:51  Extended Thermal Lance  
  188  18:00  Photon Cannon  
  188  18:13  Stalker x4  
  191  18:23  Adept x2  
  195  18:32  Adept x2  
  131  19:17  Colossus  
  131  19:22  Zealot x10  
  131  19:23  Zealot x2  
  155  19:24  Colossus  
  167  19:39  Pylon  
  167  19:42  Photon Cannon  
  167  19:46  High Templar x4  
  173  19:53  Adept x5  
  183  20:04  Colossus  
  146  20:37  Zealot x3  
  146  20:38  Zealot x8  
  146  20:53  Archon  
  116  20:57  Zealot x2  
  116  20:58  Zealot x2  
Show
View Real Time Build Order
Export as new Build Order

Xavier Terran 

Build Orders: Reaper Expand, MMM Bio 

Get SALT Encoding   

  12  0:01  SCV  
  13  0:13  SCV  
  14  0:17  Supply Depot  
  14  0:25  SCV  
  15  0:28  Refinery  
  15  0:38  SCV  
  16  0:44  Barracks  
  16  0:51  SCV  
  17  1:03  SCV  
  18  1:15  SCV  
  19  1:31  Orbital Command  
  19  1:32  Reaper  
  20  1:46  Command Center  
  20  1:53  Factory  
  20  1:57  SCV  
  21  2:03  Refinery  
  21  2:08  Barracks Reactor  
  21  2:09  SCV  
  22  2:16  Supply Depot  
  22  2:21  SCV  
  23  2:38  SCV  
  23  2:41  Widow Mine, Starport  
  26  2:47  Marine x2  
  26  2:50  SCV  
  29  2:59  Orbital Command  
  29  3:02  SCV  
  29  3:05  Marine x2  
  32  3:11  Widow Mine  
  34  3:17  Medivac  
  34  3:18  SCV  
  37  3:22  Supply Depot, Marine  
  37  3:24  Marine  
  37  3:27  SCV  
  40  3:36  SCV  
  40  3:41  SCV  
  41  3:43  Factory Tech Lab  
  41  3:44  Barracks  
  41  3:48  SCV  
  42  3:51  Marine  
  42  3:52  Marine  
  42  3:54  Starport Tech Lab  
  42  3:55  SCV  
  45  3:57  Barracks  
  45  4:00  Supply Depot  
  45  4:09  SCV  
  46  4:10  SCV  
  46  4:12  Marine x2  
  46  4:14  Factory Reactor  
  49  4:21  SCV  
  49  4:22  SCV  
  51  4:26  Starport Reactor  
  51  4:33  Refinery, SCV  
  51  4:34  Refinery, SCV  
  51  4:35  Engineering Bay  
  51  4:38  Marine x2  
  52  4:46  SCV  
  52  4:47  SCV  
  52  4:48  Supply Depot, Marine, Stimpack  
  55  4:53  Combat Shields, Marine  
  55  4:56  Marine x2  
  55  4:58  SCV  
  55  4:59  Widow Mine  
  59  5:02  Terran Infantry Weapons Level 1  
  61  5:07  SCV  
  61  5:09  Widow Mine  
  61  5:11  Supply Depot, Marine x2  
  61  5:14  Marine  
  66  5:17  Marine  
  68  5:21  SCV  
  69  5:28  Supply Depot  
  69  5:29  Marine  
  69  5:32  Widow Mine, Marine  
  69  5:33  Medivac x2  
  69  5:35  Missile Turret  
  77  5:42  Marine  
  77  5:49  Widow Mine, Supply Depot  
  78  5:50  SCV x2, Marauder  
  78  5:52  Supply Depot  
  78  5:54  Supply Depot  
  78  5:56  Marine  
  85  6:02  SCV  
  86  6:10  Widow Mine  
  86  6:11  Medivac x2, Marauder  
  94  6:14  Supply Depot, SCV x2  
  94  6:16  Supply Depot  
  94  6:18  Widow Mine  
  98  6:26  SCV x2, Marine, Marauder  
  98  6:31  Marine  
  106  6:32  Marauder  
  106  6:38  SCV  
  106  6:39  Widow Mine  
  109  6:43  Medivac, Marine  
  112  6:48  Marauder  
  114  6:56  Marauder, Marine, Terran Infantry Armor Level 1  
  114  6:57  SCV x2  
  114  6:59  Command Center  
  119  7:04  Supply Depot  
  119  7:08  Marine  
  119  7:09  Marauder  
  119  7:10  SCV  
  119  7:13  SCV  
  119  7:14  Marine  
  122  7:23  SCV  
  122  7:25  SCV  
  122  7:27  Marine  
  122  7:28  Supply Depot, Marauder  
  117  7:30  Marine  
  117  7:33  Marine  
  106  7:40  Medivac x2  
  105  7:45  SCV x2, Marine  
  105  7:48  Marauder  
  105  7:49  Marauder  
  105  7:50  Barracks  
  108  7:52  Barracks  
  108  7:55  Marine  
  108  7:57  SCV  
  110  8:03  Marine  
  110  8:05  SCV  
  112  8:09  SCV  
  112  8:10  Marauder  
  112  8:11  Marauder  
  112  8:12  Orbital Command  
  115  8:13  Marine  
  115  8:17  SCV  
  113  8:21  Marine  
  114  8:31  Marine, Marauder  
  114  8:32  Marauder  
  119  8:38  Armory, Barracks Tech Lab  
  119  8:39  Barracks Reactor, Marine, Engineering Bay  
  119  8:40  Liberator  
  74  8:41  Liberator  
  116  8:49  Marine  
  116  8:52  SCV x2, Marauder  
  116  8:54  Starport, Marauder  
  123  8:56  Concussive Shells, Refinery x2, Marine  
  126  9:05  SCV  
  126  9:11  Marine  
  126  9:12  Marauder  
  126  9:14  Marauder  
  126  9:15  Marauder  
  128  9:17  Marine  
  128  9:23  Liberator, Marine  
  128  9:24  Liberator  
  127  9:25  Liberator  
  125  9:31  Marine  
  125  9:33  Marauder  
  125  9:34  Marine  
  125  9:35  Marauder  
  125  9:36  Marauder  
  125  9:38  Terran Infantry Armor Level 2, Terran Infantry Weapons Level 2  
  133  9:39  Terran Ship Weapons Level 1, Marine  
  133  9:42  Supply Depot x2  
  133  9:43  Supply Depot x2  
  133  9:45  Liberator  
  143  9:52  Marine  
  136  9:54  SCV  
  136  9:55  SCV, Marauder  
  136  9:57  Marauder  
  136  9:58  SCV, Marine, Marauder  
  140  10:06  Liberator  
  143  10:08  Liberator, Marine  
  143  10:10  SCV  
  143  10:11  SCV x2  
  143  10:13  Marine  
  148  10:16  Marauder  
  148  10:18  Missile Turret, Marauder  
  148  10:19  Marauder  
  154  10:23  SCV x2, Marine  
  154  10:24  Command Center  
  161  10:31  Marine  
  161  10:33  SCV  
  161  10:34  Marine  
  154  10:37  Marauder  
  154  10:39  Marauder  
  154  10:40  Marauder  
  160  10:43  Marine  
  160  10:48  Marine  
  160  10:49  Marine  
  163  10:58  Ghost Academy  
  163  10:59  Marauder  
  163  11:01  Liberator x2, Marauder  
  163  11:02  Marine, Marauder  
  169  11:05  Refinery  
  169  11:08  Marine  
  170  11:11  Marine  
  170  11:16  Marine  
  178  11:20  Marauder  
  178  11:22  Marauder  
  178  11:23  Marauder  
  178  11:25  Marine  
  181  11:32  Marine  
  174  11:37  Marine  
  174  11:38  Marine  
  177  11:42  Medivac x2, Marauder  
  177  11:44  Marine, Marauder  
  177  11:45  Marauder  
  188  11:49  Planetary Fortress  
  188  11:51  Refinery  
  188  12:03  Marauder  
  188  12:05  Liberator, Marauder  
  188  12:06  Marauder  
  194  12:10  Marine  
  194  12:15  Terran Infantry Weapons Level 3  
  198  12:24  Marauder  
  200  12:39  Barracks  
  200  12:40  Barracks  
  200  12:41  Barracks  
  200  12:42  Terran Infantry Armor Level 3  
  198  12:56  Command Center  
  198  12:58  Starport  
  198  13:01  Marine  
  199  13:08  Marine  
  199  13:09  Marauder  
  199  13:11  Liberator x4  
  176  13:29  Marine, Marauder  
  184  13:42  Marine  
  184  13:43  Marauder  
  184  13:46  Marine  
  184  13:47  Marauder  
  178  13:50  Marine  
  178  13:51  Marauder  
  178  13:55  Marine  
  134  14:14  Marine  
  128  14:21  Marine  
  128  14:22  Marauder  
  123  14:33  Planetary Fortress  
  123  14:34  SCV x2  
  117  14:39  Marine  
  117  14:41  SCV  
  90  14:55  Marine, Marauder x2  
  90  14:57  SCV  
  86  15:02  Marine  
  86  15:04  Marine  
  84  15:11  SCV x4  
  84  15:13  Marine  
  88  15:15  Marine  
  88  15:16  Marauder  
  88  15:18  Marine  
  88  15:20  Marine  
  88  15:21  Marine  
  93  15:23  SCV x2  
  93  15:26  Marine  
  93  15:28  SCV x2  
  96  15:34  Marine  
  95  15:36  Marine  
  95  15:38  SCV, Marine  
  95  15:41  Marine  
  98  15:43  SCV  
  98  15:46  Marine  
  98  15:47  SCV  
  98  15:49  Marine  
  98  15:50  SCV  
  98  15:55  SCV  
  98  15:56  SCV  
  101  16:01  SCV  
  101  16:02  SCV  
  103  16:06  Marine  
  103  16:07  Marauder  
  103  16:08  SCV x2  
  107  16:12  Marine x2  
  107  16:13  Marine  
  107  16:14  SCV x2  
  107  16:18  Marine  
  112  16:19  Marauder  
  112  16:20  SCV x2  
  112  16:21  Marine  
  112  16:22  Marine  
  118  16:26  SCV x2, Marine, Marauder  
  118  16:28  Liberator  
  118  16:30  Marine, Marauder  
  118  16:32  SCV x2  
  128  16:33  Medivac  
  128  16:36  Liberator x2  
  128  16:38  SCV  
  128  16:39  SCV  
  130  16:44  SCV x2, Fusion Core  
  130  16:46  Liberator  
  133  16:50  SCV  
  140  16:54  Marine  
  141  17:05  Marine  
  141  17:06  Marauder x2  
  141  17:07  SCV  
  145  17:10  Marine  
  145  17:11  Marauder  
  146  17:17  Marine x2  
  146  17:21  SCV  
  146  17:22  SCV  
  151  17:24  Marine  
  151  17:25  Barracks Tech Lab x2  
  151  17:26  Barracks Reactor  
  151  17:27  SCV x2  
  151  17:28  Medivac, Marine  
  156  17:36  Medivac x2, Marine  
  163  17:37  Marine, Marauder  
  163  17:38  Marauder  
  163  17:44  Starport Tech Lab  
  163  17:45  Marine  
  163  17:46  Medivac  
  163  17:47  Marine  
  163  17:48  Marauder  
  163  17:49  Marine  
  163  17:50  Marauder  
  172  17:54  Marine  
  172  17:55  Marine  
  176  17:58  Medivac, Marauder  
  176  17:59  Marauder  
  176  18:04  Marine  
  174  18:08  SCV x2, Marine, Marauder  
  174  18:10  Marauder  
  174  18:11  Marine, Marauder  
  174  18:12  Marine  
  183  18:16  Marine  
  186  18:20  Marine, Marauder  
  186  18:21  Marauder  
  186  18:37  Refinery  
  186  18:41  SCV  
  187  18:44  Refinery, SCV  
  187  18:45  Refinery, SCV  
  187  18:47  Marine, Marauder  
  187  18:48  Marauder  
  187  18:52  Liberator  
  168  19:07  Marine  
  168  19:08  Marine x3  
  168  19:09  Marauder  
  127  19:11  Marine  
  127  19:12  Marauder  
  127  19:13  Marine, Marauder  
  127  19:14  Marine, Marauder  
  127  19:16  Liberator  
  96  19:25  Marine  
  96  19:26  Marine x3  
  96  19:27  SCV  
  96  19:28  SCV x3  
  96  19:29  Marine  
  96  19:30  Marine x2  
  105  19:31  Marine  
  105  19:33  Marine  
  105  19:34  Marine  
  105  19:35  Marine  
  105  19:37  Liberator  
  112  19:39  SCV  
  112  19:40  SCV x2  
  112  19:43  Marine  
  112  19:44  Marine x3  
  119  19:47  SCV, Marine x2  
  119  19:50  Marine  
  119  19:51  SCV, Marauder  
  119  19:52  Liberator, SCV  
  127  19:53  SCV  
  127  19:59  Marine, Marauder  
  134  20:02  SCV  
  134  20:04  Marine, Marauder  
  138  20:13  Marine  
  138  20:14  Marauder  
  135  20:15  Marine, Marauder  
  135  20:17  Marine, Marauder  
  132  20:27  SCV x2, Marine  
  130  20:28  Marauder  
  130  20:32  Marine  
  129  20:37  Marine  
  129  20:42  SCV x2  
  117  20:53  Marine  
  117  20:54  Marauder  
  82  20:58  Marine  
Tags
 
Add a new tag
Caveats
  • Supply blocks, unpowered buildings, or Contaminate may cause inaccurate times.
  • Supply counts are checked every 10 seconds.